San Jose Sharks vs Pittsburgh Penguins
Created - Friday, May 16, 2025 at 07:39
Goals
|
| San Jose Sharks |
0 |
0 |
1 |
1 |
| Pittsburgh Penguins |
0 |
2 |
2 |
4 |
|
Shots
|
| San Jose Sharks |
15 |
5 |
11 |
31 |
| Pittsburgh Penguins |
12 |
8 |
18 |
38 |
|
1st period
No Goal
Penalties :
Brian Dumoulin (PIT) for Roughing (Minor) at 1:30, Erik Karlsson (PIT) for Hooking (Minor) at 4:05, Mattias Ekholm (PIT) for Interference (Minor) at 7:42
2nd period
1. Pittsburgh Penguins , Travis Sanheim 3 (Phillip Danault 33, Mitchell Marner 59) at 7:20 (PP)
2. Pittsburgh Penguins , Leon Draisaitl 30 (Sam Reinhart 39) at 16:22 (PP)
Penalties :
Sam Reinhart (PIT) for Fighting (Major) at 0:54, Brandon Tanev (SJS) for Fighting (Major) at 0:54, Connor Murphy (SJS) for Tripping (Minor) at 5:32, Max Domi (SJS) for Holding (Minor) at 9:16, Kevin Fiala (SJS) for Cross-checking (Minor) at 16:14
3rd period
3. San Jose Sharks , Connor Murphy 7 (Noel Acciari 7, Eeli Tolvanen 21) at 17:51
4. Pittsburgh Penguins , Pavel Buchnevich 27 (Leon Draisaitl 61, Carson Soucy 12) at 18:58 (Empty Net)
5. Pittsburgh Penguins , Erik Karlsson 8 (Sam Reinhart 40, Leon Draisaitl 62) at 19:42 (PP)
Penalties :
Erik Gudbranson (PIT) for Interference (Minor) at 1:07, Connor Murphy (SJS) for Delaying the game (Minor) at 14:54, Eeli Tolvanen (SJS) for Hooking (Minor) at 19:37
Goalie Stats
Stuart Skinner (SJS), 34 saves from 37 shots - (0.919), L, 30-16-6, 59:32 minutes
John Gibson (PIT), 30 saves from 31 shots - (0.968), W, 27-28-6, 60:00 minutes
Players Stats for San Jose Sharks
Player Name G A P +/- PIM S H SB GA TA FO MP PP MP PK MP
------------------------------------------------------------------------------------
Adam Henrique 0 0 0 -1 0 3 0 0 0 1 11/22 20:19 3:55 3:01
Alec Martinez 0 0 0 0 0 3 0 0 0 1 0/0 17:48 3:54 1:33
Brandon Tanev 0 0 0 0 5 1 1 1 0 2 0/1 13:44 3:55 0:13
Calle Jarnkrok 0 0 0 -1 0 1 1 3 0 1 0/0 12:29 0:00 0:00
Christopher Tanev 0 0 0 0 0 0 2 1 0 0 0/0 21:55 3:54 3:37
Connor Murphy 1 0 1 0 4 1 2 1 0 0 0/0 24:40 4:02 0:49
Dmitry Orlov 0 0 0 -1 0 1 0 1 0 0 0/0 17:57 0:00 3:37
Eeli Tolvanen 0 1 1 1 2 7 1 0 0 0 0/0 9:23 0:00 0:00
Ilya Mikheyev 0 0 0 1 0 2 3 0 0 0 0/0 10:08 0:00 0:00
Jonathan Drouin 0 0 0 0 0 1 0 0 0 0 0/0 19:18 4:01 2:58
Kevin Fiala 0 0 0 -1 2 4 4 1 3 0 0/0 20:07 3:55 3:01
Marcus Pettersson 0 0 0 0 0 2 3 2 0 0 0/0 24:36 4:02 2:22
Matthew Knies 0 0 0 0 0 2 2 1 1 0 0/0 15:57 4:01 0:00
Max Domi 0 0 0 0 2 0 3 0 1 0 1/3 11:56 0:00 0:00
Nick Perbix 0 0 0 1 0 0 0 2 0 0 0/0 13:25 0:00 0:00
Noel Acciari 0 1 1 1 0 1 1 1 0 0 3/6 9:24 0:00 0:00
Ryan Johansen 0 0 0 0 0 1 1 0 0 0 17/34 19:52 4:01 2:58
T.J. Oshie 0 0 0 0 0 1 1 0 0 1 0/0 11:10 0:00 0:00
Players Stats for Pittsburgh Penguins
Player Name G A P +/- PIM S H SB GA TA FO MP PP MP PK MP
------------------------------------------------------------------------------------
Adam Gaudette 0 0 0 0 0 0 1 0 0 0 5/10 11:48 0:00 0:00
Blake Coleman 0 0 0 -1 0 1 3 0 0 0 0/0 15:46 3:13 0:00
Brian Dumoulin 0 0 0 0 2 3 1 1 0 1 0/0 13:27 0:00 0:00
Carson Soucy 0 1 1 0 0 1 0 2 0 0 0/0 20:30 0:00 3:59
Erik Gudbranson 0 0 0 1 2 0 0 0 0 1 0/0 23:17 3:08 3:53
Erik Karlsson 1 0 1 0 2 1 0 2 0 0 0/0 22:36 2:51 3:52
Gabriel Vilardi 0 0 0 0 0 2 0 0 0 0 1/2 8:54 0:00 0:00
Jean-Gabriel Pageau 0 0 0 0 0 1 4 0 1 0 0/0 8:54 0:00 0:00
Jordan Eberle 0 0 0 0 0 4 0 0 2 0 0/0 12:26 0:24 0:00
Leon Draisaitl 1 2 3 1 0 6 1 0 2 0 13/24 19:53 2:46 3:53
Mattias Ekholm 0 0 0 0 2 0 1 0 0 0 0/0 21:40 2:51 2:29
Mitchell Marner 0 1 1 -1 0 4 0 1 0 1 0/1 20:19 3:13 4:03
Pavel Buchnevich 1 0 1 1 0 3 0 1 0 0 2/2 19:19 2:46 4:03
Phillip Danault 0 1 1 -1 0 1 0 1 0 1 13/25 15:46 3:13 0:00
Ryan O'Reilly 0 0 0 0 0 4 1 0 0 0 0/1 8:54 0:00 0:00
Sam Reinhart 0 2 2 1 5 0 1 0 1 1 0/1 17:56 2:22 3:53
Tage Thompson 0 0 0 0 0 4 2 0 0 0 0/0 11:24 0:00 0:00
Travis Sanheim 1 0 1 -1 0 3 0 0 0 0 0/0 19:10 3:08 1:39
3 Stars
1 - Leon Draisaitl (PIT)
2 - John Gibson (PIT)
3 - Pavel Buchnevich (PIT)
Power Play
San Jose Sharks - 0 on 4 Attempt(s) - 0.00%
Pittsburgh Penguins - 3 on 5 Attempt(s) - 60.00%
Penalty Kill
San Jose Sharks - 2 on 5 Attempt(s) - 40.00%
- Score 0 goal in Penalty Kill
Pittsburgh Penguins - 4 on 4 Attempt(s) - 100.00%
- Score 0 goal in Penalty Kill
Team Stat
San Jose Sharks - Hits : 25 - Faceoff Wins : 32 - Blocked Shots : 14 - Penalty Minutes : 15
Pittsburgh Penguins - Hits : 15 - Faceoff Wins : 34 - Blocked Shots : 8 - Penalty Minutes : 13
Official
Referees : Francois St Laurent and Jon Mcisaac
Linesman : Shandor Alphonso and Ben O'Quinn
Game Notes
Sam Reinhart and Brandon Tanev fight to a draw at 0:54 of 2nd period
Pavel Buchnevich has scored in a empty net!
Finance
Level 1 -- Attendance: 4287 (71.45%) -- Ticket Income $428,700
Level 2 -- Attendance: 3727 (74.54%) -- Ticket Income $223,620
Level 3 -- Attendance: 2242 (74.73%) -- Ticket Income $78,470
Level 4 -- Attendance: 3982 (79.64%) -- Ticket Income $99,550
Luxury Box -- Attendance: 830 (83.00%) -- Ticket Income $166,000
Game was played at the Consol Energy Center.
Total Attendance: 15068 (75.34%)
Total Ticket Income: $996,340
Other Income: $348,719
Total Income: $1,345,059
San Jose Sharks
5 vs 5 Forward
Center Left Wing Right Wing Time % Phy DF OF
1 Adam Henrique Kevin Fiala Calle Jarnkrok 30 1 2 2
2 Ryan Johansen Matthew Knies Jonathan Drouin 30 1 2 2
3 Max Domi Brandon Tanev T.J. Oshie 25 1 2 2
4 Noel Acciari Eeli Tolvanen Ilya Mikheyev 15 1 2 2
5 vs 5 Defense
Defense Defense Time % Phy DF OF
1 Marcus Pettersson Connor Murphy 30 1 2 2
2 Christopher Tanev Nick Perbix 30 1 2 2
3 Dmitry Orlov Alec Martinez 25 1 2 2
4 Marcus Pettersson Connor Murphy 15 1 2 2
PowerPlay Forward
Center Left Wing Right Wing Time % Phy DF OF
1 Adam Henrique Kevin Fiala Brandon Tanev 50 1 2 2
2 Ryan Johansen Matthew Knies Jonathan Drouin 50 1 2 2
PowerPlay Defense
Defense Defense Time % Phy DF OF
1 Marcus Pettersson Connor Murphy 50 1 2 2
2 Christopher Tanev Alec Martinez 50 1 2 2
Penalty Kill 4 Players Forward
Center Wing Time % Phy DF OF
1 Adam Henrique Kevin Fiala 50 1 2 2
2 Ryan Johansen Jonathan Drouin 50 1 2 2
Penalty Kill 4 Players Defense
Defense Defense Time % Phy DF OF
1 Marcus Pettersson Connor Murphy 50 1 2 2
2 Christopher Tanev Dmitry Orlov 50 1 2 2
Penalty Kill - 3 Players Forward
Forward Time % Phy DF OF
1 Adam Henrique 50 1 2 2
2 Noel Acciari 50 1 2 2
Penalty Kill - 3 Players Defense
Defense Defense Time % Phy DF OF
1 Marcus Pettersson Connor Murphy 50 1 2 2
2 Christopher Tanev Alec Martinez 50 1 2 2
4 vs 4 Forward
Center Wing Time % Phy DF OF
1 Adam Henrique Kevin Fiala 50 1 2 2
2 Ryan Johansen Calle Jarnkrok 50 1 2 2
4 vs 4 Defense
Defense Defense Time % Phy DF OF
1 Marcus Pettersson Connor Murphy 50 1 2 2
2 Christopher Tanev Dmitry Orlov 50 1 2 2
Last Minutes Offensive
Center Left Wing Right Wing Defense Defense
Adam Henrique Kevin Fiala Calle Jarnkrok Marcus Pettersson Connor Murphy
Last Minutes Defensive
Center Left Wing Right Wing Defense Defense
Adam Henrique Kevin Fiala Calle Jarnkrok Marcus Pettersson Connor Murphy
Goaltenders
Starting : Stuart Skinner
Backup : Tristan Jarry
Extra Forwards
Normal : Ilya Mikheyev, Ryan Johansen, Brandon Tanev - PP : Ilya Mikheyev, Ryan Johansen - PK : Brandon Tanev
Extra Defensemen
Normal : Dmitry Orlov, Alec Martinez, Christopher Tanev - PP : Dmitry Orlov - PK : Alec Martinez, Christopher Tanev
Penalty Shots
Adam Henrique, Kevin Fiala, Ryan Johansen, Jonathan Drouin, T.J. Oshie
Scratches
Kasperi Kapanen (Healthy), Clay Stevenson (Healthy)
Pittsburgh Penguins
5 vs 5 Forward
Center Left Wing Right Wing Time % Phy DF OF
1 Leon Draisaitl Pavel Buchnevich Sam Reinhart 30 1 2 2
2 Phillip Danault Blake Coleman Mitchell Marner 30 1 2 2
3 Adam Gaudette Tage Thompson Jordan Eberle 25 1 2 2
4 Gabriel Vilardi Jean-Gabriel Pageau Ryan O'Reilly 15 1 2 2
5 vs 5 Defense
Defense Defense Time % Phy DF OF
1 Mattias Ekholm Erik Karlsson 35 1 2 2
2 Erik Gudbranson Carson Soucy 35 1 2 2
3 Brian Dumoulin Travis Sanheim 30 1 2 2
4 Mattias Ekholm Erik Karlsson 0 1 2 2
PowerPlay Forward
Center Left Wing Right Wing Time % Phy DF OF
1 Leon Draisaitl Pavel Buchnevich Sam Reinhart 50 1 2 2
2 Phillip Danault Blake Coleman Mitchell Marner 50 1 2 2
PowerPlay Defense
Defense Defense Time % Phy DF OF
1 Mattias Ekholm Erik Karlsson 50 1 2 2
2 Erik Gudbranson Travis Sanheim 50 1 2 2
Penalty Kill 4 Players Forward
Center Wing Time % Phy DF OF
1 Leon Draisaitl Sam Reinhart 50 1 2 2
2 Mitchell Marner Pavel Buchnevich 50 1 2 2
Penalty Kill 4 Players Defense
Defense Defense Time % Phy DF OF
1 Mattias Ekholm Erik Karlsson 50 1 2 2
2 Erik Gudbranson Carson Soucy 50 1 2 2
Penalty Kill - 3 Players Forward
Forward Time % Phy DF OF
1 Leon Draisaitl 50 1 2 2
2 Sam Reinhart 50 1 2 2
Penalty Kill - 3 Players Defense
Defense Defense Time % Phy DF OF
1 Mattias Ekholm Erik Karlsson 50 1 2 2
2 Erik Gudbranson Travis Sanheim 50 1 2 2
4 vs 4 Forward
Center Wing Time % Phy DF OF
1 Leon Draisaitl Sam Reinhart 50 1 2 2
2 Mitchell Marner Pavel Buchnevich 50 1 2 2
4 vs 4 Defense
Defense Defense Time % Phy DF OF
1 Mattias Ekholm Erik Karlsson 50 1 2 2
2 Erik Gudbranson Brian Dumoulin 50 1 2 2
Last Minutes Offensive
Center Left Wing Right Wing Defense Defense
Leon Draisaitl Pavel Buchnevich Sam Reinhart Mattias Ekholm Erik Karlsson
Last Minutes Defensive
Center Left Wing Right Wing Defense Defense
Leon Draisaitl Pavel Buchnevich Sam Reinhart Mattias Ekholm Erik Karlsson
Goaltenders
Starting : John Gibson
Backup : Jordan Binnington
Extra Forwards
Normal : Leon Draisaitl, Jordan Eberle, Sam Reinhart - PP : Sam Reinhart, Jordan Eberle - PK : Leon Draisaitl
Extra Defensemen
Normal : Erik Karlsson, Mattias Ekholm, Erik Gudbranson - PP : Mattias Ekholm - PK : Erik Karlsson, Erik Gudbranson
Penalty Shots
Leon Draisaitl, Sam Reinhart, Mitchell Marner, Pavel Buchnevich, Blake Coleman
Scratches
None
% Time on Ice - San Jose Sharks
Lines # - Real PCT - Wanted PCT - Time Play
Normal Forward
1 - 28% - 30% - 12:59
2 - 27% - 30% - 12:19
3 - 24% - 25% - 11:10
4 - 20% - 15% - 9:24
Normal Defense
1 - 31% - 30% - 14:17
2 - 31% - 30% - 14:17
3 - 25% - 25% - 11:24
4 - 13% - 15% - 5:54
PP Forward
1 - 49% - 50% - 3:55
2 - 51% - 50% - 4:01
PP Defense
1 - 51% - 50% - 4:02
2 - 49% - 50% - 3:54
PK Forward
1 - 50% - 50% - 3:01
2 - 50% - 50% - 2:58
PK Defense
1 - 48% - 50% - 2:53
2 - 52% - 50% - 3:06
PK3 Forward
1 - 0% - 50%
2 - 0% - 50%
PK3 Defense
1 - 0% - 50%
2 - 0% - 50%
44 Forward
1 - 0% - 50%
2 - 0% - 50%
44 Defense
1 - 0% - 50%
2 - 0% - 50%
Last Minute Offensive - 0:13
Last Minute Defensive - 0:00
Total
Forward - 60:00
Defense - 60:00
|
% Time on Ice - Pittsburgh Penguins
Lines # - Real PCT - Wanted PCT - Time Play
Normal Forward
1 - 28% - 30% - 13:02
2 - 27% - 30% - 12:33
3 - 25% - 25% - 11:24
4 - 19% - 15% - 8:54
Normal Defense
1 - 35% - 35% - 15:59
2 - 36% - 35% - 16:40
3 - 29% - 30% - 13:14
4 - 0% - 0% - 0:00
PP Forward
1 - 46% - 50% - 2:46
2 - 54% - 50% - 3:13
PP Defense
1 - 48% - 50% - 2:51
2 - 52% - 50% - 3:08
PK Forward
1 - 49% - 50% - 3:53
2 - 51% - 50% - 4:03
PK Defense
1 - 51% - 50% - 4:04
2 - 49% - 50% - 3:52
PK3 Forward
1 - 0% - 50%
2 - 0% - 50%
PK3 Defense
1 - 0% - 50%
2 - 0% - 50%
44 Forward
1 - 0% - 50%
2 - 0% - 50%
44 Defense
1 - 0% - 50%
2 - 0% - 50%
Last Minute Offensive - 0:00
Last Minute Defensive - 0:12
Total
Forward - 60:00
Defense - 60:00
|
Play-by-Play
1st period
0:01 of 1st period - Leon Draisaitl wins face-off versus Adam Henrique in neutral zone.
0:14 of 1st period - Pavel Buchnevich is hit by Kevin Fiala and loses puck.
0:47 of 1st period - Tage Thompson is hit by Max Domi and loses puck.
1:21 of 1st period - Alec Martinez is hit by Jean-Gabriel Pageau and loses puck.
1:30 of 1st period - Minor Penalty to Brian Dumoulin for Roughing.
1:31 of 1st period - Leon Draisaitl wins face-off versus Adam Henrique in Pittsburgh Penguins zone.
2:26 of 1st period - Erik Gudbranson is hit by Marcus Pettersson and loses puck.
2:45 of 1st period - Wrist shot by Jonathan Drouin.
2:45 of 1st period - Stopped by John Gibson without a rebound.
2:46 of 1st period - Adam Henrique wins face-off versus Leon Draisaitl in Pittsburgh Penguins zone.
2:54 of 1st period - Icing by Kevin Fiala.
2:55 of 1st period - Leon Draisaitl wins face-off versus Adam Henrique in San Jose Sharks zone.
3:02 of 1st period - Sam Reinhart is hit by Kevin Fiala and loses puck.
3:07 of 1st period - Wrist shot by Kevin Fiala.
3:07 of 1st period - Stopped by John Gibson without a rebound.
3:08 of 1st period - Adam Henrique wins face-off versus Leon Draisaitl in Pittsburgh Penguins zone.
3:09 of 1st period - Snap shot by Kevin Fiala.
3:09 of 1st period - Shot Misses the Net.
3:30 of 1st period - Penalty to Brian Dumoulin is over, Brian Dumoulin is back on ice.
3:43 of 1st period - Off-side.
3:44 of 1st period - Ryan Johansen wins face-off versus Phillip Danault in neutral zone.
4:05 of 1st period - Minor Penalty to Erik Karlsson for Hooking.
4:06 of 1st period - Leon Draisaitl wins face-off versus Ryan Johansen in Pittsburgh Penguins zone.
6:05 of 1st period - Penalty to Erik Karlsson is over, Erik Karlsson is back on ice.
7:15 of 1st period - Wrist shot by Tage Thompson.
7:15 of 1st period - Stopped by Stuart Skinner with a rebound.
7:17 of 1st period - Slapshot by Carson Soucy.
7:17 of 1st period - Stopped by Stuart Skinner with a rebound.
7:25 of 1st period - Alec Martinez is hit by Tage Thompson and loses puck.
7:42 of 1st period - Minor Penalty to Mattias Ekholm for Interference.
7:43 of 1st period - Adam Henrique wins face-off versus Leon Draisaitl in Pittsburgh Penguins zone.
7:44 of 1st period - Slapshot by Kevin Fiala.
7:44 of 1st period - Stopped by John Gibson without a rebound.
7:45 of 1st period - Leon Draisaitl wins face-off versus Brandon Tanev in Pittsburgh Penguins zone.
8:00 of 1st period - Wrist shot by Sam Reinhart.
8:00 of 1st period - Shot Misses the Net.
8:08 of 1st period - Sam Reinhart is hit by Marcus Pettersson and loses puck.
8:31 of 1st period - Slapshot by Adam Henrique.
8:31 of 1st period - Stopped by John Gibson with a rebound.
8:43 of 1st period - Slapshot by Adam Henrique.
8:43 of 1st period - Stopped by John Gibson without a rebound.
8:44 of 1st period - Pavel Buchnevich wins face-off versus Ryan Johansen in Pittsburgh Penguins zone.
8:57 of 1st period - Christopher Tanev is hit by Leon Draisaitl and loses puck.
9:42 of 1st period - Penalty to Mattias Ekholm is over, Mattias Ekholm is back on ice.
10:14 of 1st period - Snap shot by Gabriel Vilardi.
10:14 of 1st period - Stopped by Stuart Skinner with a rebound.
10:25 of 1st period - Connor Murphy is hit by Jean-Gabriel Pageau and loses puck.
10:40 of 1st period - Snap shot by Ryan O'Reilly.
10:40 of 1st period - Stopped by Stuart Skinner with a rebound.
10:54 of 1st period - Slapshot by Gabriel Vilardi.
10:54 of 1st period - Stopped by Stuart Skinner without a rebound.
10:55 of 1st period - Adam Henrique wins face-off versus Leon Draisaitl in San Jose Sharks zone.
11:18 of 1st period - Mitchell Marner is hit by Ryan Johansen and loses puck.
11:34 of 1st period - Sam Reinhart is hit by Eeli Tolvanen and loses puck.
11:43 of 1st period - Alec Martinez is hit by Sam Reinhart and loses puck.
11:58 of 1st period - Carson Soucy is hit by T.J. Oshie and loses puck.
12:36 of 1st period - Snap shot by Gabriel Vilardi.
12:36 of 1st period - Shot Misses the Net.
12:38 of 1st period - Slapshot by Mattias Ekholm.
12:38 of 1st period - Shot Blocked by Matthew Knies.
12:40 of 1st period - Snap shot by Jean-Gabriel Pageau.
12:40 of 1st period - Stopped by Stuart Skinner with a rebound.
12:56 of 1st period - Leon Draisaitl is hit by Kevin Fiala and loses puck.
13:36 of 1st period - Wrist shot by Mitchell Marner.
13:36 of 1st period - Stopped by Stuart Skinner with a rebound.
13:40 of 1st period - Wrist shot by Mitchell Marner.
13:40 of 1st period - Stopped by Stuart Skinner without a rebound.
13:41 of 1st period - Leon Draisaitl wins face-off versus Ryan Johansen in San Jose Sharks zone.
13:52 of 1st period - Wrist shot by Leon Draisaitl.
13:52 of 1st period - Stopped by Stuart Skinner with a rebound.
13:54 of 1st period - Slapshot by Leon Draisaitl.
13:54 of 1st period - Stopped by Stuart Skinner without a rebound.
13:55 of 1st period - Phillip Danault wins face-off versus Adam Henrique in San Jose Sharks zone.
14:41 of 1st period - Erik Karlsson is hit by Brandon Tanev and loses puck.
14:52 of 1st period - Wrist shot by Brandon Tanev.
14:52 of 1st period - Stopped by John Gibson with a rebound.
15:10 of 1st period - Wrist shot by Ilya Mikheyev.
15:10 of 1st period - Shot Blocked by Phillip Danault.
15:12 of 1st period - Snap shot by Noel Acciari.
15:12 of 1st period - Shot Blocked by Mitchell Marner.
15:14 of 1st period - Slapshot by Alec Martinez.
15:14 of 1st period - Stopped by John Gibson with a rebound.
15:26 of 1st period - Snap shot by Pavel Buchnevich.
15:26 of 1st period - Deflect By Sam Reinhart.
15:26 of 1st period - Shot Misses the Net.
15:26 of 1st period - Puck is out of play.
15:27 of 1st period - Leon Draisaitl wins face-off versus Adam Henrique in San Jose Sharks zone.
15:28 of 1st period - Wrist shot by Sam Reinhart.
15:28 of 1st period - Deflect By Leon Draisaitl.
15:28 of 1st period - Shot Misses the Net.
15:28 of 1st period - Puck is out of play.
15:29 of 1st period - Ryan Johansen wins face-off versus Leon Draisaitl in San Jose Sharks zone.
15:42 of 1st period - Wrist shot by Sam Reinhart.
15:42 of 1st period - Deflect By Pavel Buchnevich.
15:42 of 1st period - Shot Blocked by Nick Perbix.
15:42 of 1st period - Puck is out of play.
15:43 of 1st period - Adam Henrique wins face-off versus Phillip Danault in San Jose Sharks zone.
15:52 of 1st period - Snap shot by Adam Henrique.
15:52 of 1st period - Shot Misses the Net.
15:54 of 1st period - Snap shot by Adam Henrique.
15:54 of 1st period - Shot Misses the Net.
15:56 of 1st period - Snap shot by Marcus Pettersson.
15:56 of 1st period - Stopped by John Gibson without a rebound.
15:57 of 1st period - Ryan Johansen wins face-off versus Leon Draisaitl in Pittsburgh Penguins zone.
15:58 of 1st period - Snap shot by Jonathan Drouin.
15:58 of 1st period - Shot Blocked by Carson Soucy.
16:24 of 1st period - Phillip Danault is hit by Calle Jarnkrok and loses puck.
16:30 of 1st period - Off-side.
16:31 of 1st period - Phillip Danault wins face-off versus Adam Henrique in neutral zone.
17:28 of 1st period - Wrist shot by Tage Thompson.
17:28 of 1st period - Shot Blocked by Brandon Tanev.
17:30 of 1st period - Snap shot by Jordan Eberle.
17:30 of 1st period - Stopped by Stuart Skinner with a rebound.
18:04 of 1st period - Snap shot by Ilya Mikheyev.
18:04 of 1st period - Stopped by John Gibson with a rebound.
18:06 of 1st period - Snap shot by Eeli Tolvanen.
18:06 of 1st period - Stopped by John Gibson without a rebound.
18:07 of 1st period - Noel Acciari wins face-off versus Leon Draisaitl in Pittsburgh Penguins zone.
18:08 of 1st period - Snap shot by Eeli Tolvanen.
18:08 of 1st period - Shot Blocked by Erik Karlsson.
18:22 of 1st period - Snap shot by Ilya Mikheyev.
18:22 of 1st period - Stopped by John Gibson with a rebound.
18:28 of 1st period - Wrist shot by Eeli Tolvanen.
18:28 of 1st period - Stopped by John Gibson with a rebound.
18:30 of 1st period - Slapshot by Noel Acciari.
18:30 of 1st period - Shot Misses the Net.
18:32 of 1st period - Slapshot by Christopher Tanev.
18:32 of 1st period - Shot Misses the Net.
18:48 of 1st period - Snap shot by Eeli Tolvanen.
18:48 of 1st period - Stopped by John Gibson with a rebound.
18:50 of 1st period - Slapshot by Christopher Tanev.
18:50 of 1st period - Shot Misses the Net.
18:58 of 1st period - Snap shot by Eeli Tolvanen.
18:58 of 1st period - Stopped by John Gibson with a rebound.
19:10 of 1st period - Slapshot by Eeli Tolvanen.
19:10 of 1st period - Shot Misses the Net.
19:12 of 1st period - Wrist shot by Eeli Tolvanen.
19:12 of 1st period - Stopped by John Gibson without a rebound.
19:13 of 1st period - Ryan Johansen wins face-off versus Phillip Danault in Pittsburgh Penguins zone.
19:49 of 1st period - Snap shot by Phillip Danault.
19:49 of 1st period - Shot Blocked by Christopher Tanev.
19:51 of 1st period - Slapshot by Brian Dumoulin.
19:51 of 1st period - Deflect By T.J. Oshie.
19:51 of 1st period - Stopped by Stuart Skinner without a rebound.
19:52 of 1st period - Adam Gaudette wins face-off versus Adam Henrique in San Jose Sharks zone.
19:55 of 1st period - Slapshot by Jordan Eberle.
19:55 of 1st period - Shot Blocked by Calle Jarnkrok.
Goals for this period are 0 for San Jose Sharks vs 0 for Pittsburgh Penguins.
Shots for this period are 15 for San Jose Sharks vs 12 for Pittsburgh Penguins.
2nd period
0:01 of 2nd period - Adam Gaudette wins face-off versus Ryan Johansen in neutral zone.
0:04 of 2nd period - Wrist shot by Tage Thompson.
0:04 of 2nd period - Shot Hit the Post.
0:14 of 2nd period - Snap shot by Tage Thompson.
0:14 of 2nd period - Shot Misses the Net.
0:16 of 2nd period - Snap shot by Tage Thompson.
0:16 of 2nd period - Stopped by Stuart Skinner with a rebound.
0:26 of 2nd period - Mitchell Marner is hit by Connor Murphy.
0:49 of 2nd period - Off-side.
0:50 of 2nd period - Leon Draisaitl wins face-off versus Max Domi in neutral zone.
0:54 of 2nd period - Sam Reinhart and Brandon Tanev fight to a draw.
0:54 of 2nd period - Penalty to Sam Reinhart for Fighting.
0:54 of 2nd period - Penalty to Brandon Tanev for Fighting.
0:55 of 2nd period - Ryan Johansen wins face-off versus Adam Gaudette in neutral zone.
0:58 of 2nd period - Tage Thompson is hit by Matthew Knies.
1:22 of 2nd period - Phillip Danault is hit by Max Domi and loses puck.
2:27 of 2nd period - Slapshot by Eeli Tolvanen.
2:27 of 2nd period - Shot Blocked by Pavel Buchnevich.
2:37 of 2nd period - Christopher Tanev is hit by Mattias Ekholm.
2:41 of 2nd period - Slapshot by Jordan Eberle.
2:41 of 2nd period - Shot Misses the Net.
3:58 of 2nd period - Snap shot by Eeli Tolvanen.
3:58 of 2nd period - Stopped by John Gibson without a rebound.
3:59 of 2nd period - Noel Acciari wins face-off versus Leon Draisaitl in Pittsburgh Penguins zone.
4:10 of 2nd period - Wrist shot by Leon Draisaitl.
4:10 of 2nd period - Shot Misses the Net.
4:12 of 2nd period - Wrist shot by Erik Gudbranson.
4:12 of 2nd period - Shot Blocked by Noel Acciari.
4:24 of 2nd period - Calle Jarnkrok is hit by Jean-Gabriel Pageau and loses puck.
4:49 of 2nd period - Backhand shot by Phillip Danault.
4:49 of 2nd period - Stopped by Stuart Skinner with a rebound.
5:08 of 2nd period - Off-side.
5:09 of 2nd period - Leon Draisaitl wins face-off versus Adam Henrique in neutral zone.
5:22 of 2nd period - Wrist shot by Pavel Buchnevich.
5:22 of 2nd period - Shot Misses the Net.
5:24 of 2nd period - Slapshot by Erik Gudbranson.
5:24 of 2nd period - Deflect By Pavel Buchnevich.
5:24 of 2nd period - Shot Blocked by Calle Jarnkrok.
5:24 of 2nd period - Puck is out of play.
5:25 of 2nd period - Phillip Danault wins face-off versus Ryan Johansen in San Jose Sharks zone.
5:32 of 2nd period - Minor Penalty to Connor Murphy for Tripping.
5:33 of 2nd period - Adam Henrique wins face-off versus Leon Draisaitl in San Jose Sharks zone.
5:54 of 2nd period - Penalty to Brandon Tanev is over, Brandon Tanev is back on ice.
6:06 of 2nd period - Off-side.
6:07 of 2nd period - Ryan Johansen wins face-off versus Phillip Danault in neutral zone.
6:26 of 2nd period - Snap shot by Mitchell Marner.
6:26 of 2nd period - Shot Blocked by Kevin Fiala.
7:16 of 2nd period - Slapshot by Phillip Danault.
7:16 of 2nd period - Shot Misses the Net.
7:18 of 2nd period - Slapshot by Travis Sanheim.
7:18 of 2nd period - Stopped by Stuart Skinner with a rebound.
7:20 of 2nd period - Slapshot by Travis Sanheim.
7:20 of 2nd period - Goal by Travis Sanheim - San Jose Sharks : 0 - Pittsburgh Penguins : 1.
7:21 of 2nd period - Ryan Johansen wins face-off versus Adam Gaudette in neutral zone.
7:49 of 2nd period - Snap shot by Pavel Buchnevich.
7:49 of 2nd period - Shot Misses the Net.
7:53 of 2nd period - Wrist shot by Leon Draisaitl.
7:53 of 2nd period - Stopped by Stuart Skinner with a rebound.
7:55 of 2nd period - Slapshot by Mattias Ekholm.
7:55 of 2nd period - Shot Blocked by Marcus Pettersson.
7:57 of 2nd period - Slapshot by Erik Karlsson.
7:57 of 2nd period - Shot Misses the Net.
8:34 of 2nd period - Backhand shot by Matthew Knies.
8:34 of 2nd period - Shot Misses the Net.
8:36 of 2nd period - Snap shot by Matthew Knies.
8:36 of 2nd period - Stopped by John Gibson with a rebound.
9:16 of 2nd period - Minor Penalty to Max Domi for Holding.
9:17 of 2nd period - Ryan Johansen wins face-off versus Leon Draisaitl in San Jose Sharks zone.
9:33 of 2nd period - Snap shot by Pavel Buchnevich.
9:33 of 2nd period - Stopped by Stuart Skinner with a rebound.
9:51 of 2nd period - Off-side.
9:52 of 2nd period - Leon Draisaitl wins face-off versus Adam Henrique in neutral zone.
11:16 of 2nd period - Penalty to Max Domi is over, Max Domi is back on ice.
11:28 of 2nd period - Snap shot by Max Domi.
11:28 of 2nd period - Shot Blocked by Brian Dumoulin.
11:34 of 2nd period - Christopher Tanev is hit by Brian Dumoulin and loses puck.
11:55 of 2nd period - Snap shot by Gabriel Vilardi.
11:55 of 2nd period - Shot Blocked by Dmitry Orlov.
12:28 of 2nd period - Adam Gaudette is hit by Ilya Mikheyev and loses puck.
14:04 of 2nd period - Blake Coleman is hit by Connor Murphy and loses puck.
15:21 of 2nd period - Matthew Knies is hit by Adam Gaudette and loses puck.
15:33 of 2nd period - Icing by Matthew Knies.
15:34 of 2nd period - Ryan Johansen wins face-off versus Ryan O'Reilly in San Jose Sharks zone.
15:50 of 2nd period - Off-side.
15:51 of 2nd period - Adam Henrique wins face-off versus Phillip Danault in neutral zone.
16:00 of 2nd period - Snap shot by Mitchell Marner.
16:00 of 2nd period - Stopped by Stuart Skinner with a rebound.
16:14 of 2nd period - Minor Penalty to Kevin Fiala for Cross-checking.
16:15 of 2nd period - Leon Draisaitl wins face-off versus Ryan Johansen in San Jose Sharks zone.
16:22 of 2nd period - Wrist shot by Leon Draisaitl.
16:22 of 2nd period - Goal by Leon Draisaitl - San Jose Sharks : 0 - Pittsburgh Penguins : 2.
16:23 of 2nd period - Phillip Danault wins face-off versus Ryan Johansen in neutral zone.
16:31 of 2nd period - Icing by Erik Gudbranson.
16:32 of 2nd period - Phillip Danault wins face-off versus Ryan Johansen in Pittsburgh Penguins zone.
16:41 of 2nd period - Slapshot by Phillip Danault.
16:41 of 2nd period - Shot Misses the Net.
16:44 of 2nd period - Icing by Christopher Tanev.
16:45 of 2nd period - Ryan Johansen wins face-off versus Phillip Danault in San Jose Sharks zone.
16:50 of 2nd period - Travis Sanheim is hit by Matthew Knies.
17:02 of 2nd period - Snap shot by Blake Coleman.
17:02 of 2nd period - Shot Misses the Net.
17:41 of 2nd period - Off-side.
17:42 of 2nd period - Adam Henrique wins face-off versus Phillip Danault in neutral zone.
17:45 of 2nd period - Wrist shot by Kevin Fiala.
17:45 of 2nd period - Stopped by John Gibson with a rebound.
18:09 of 2nd period - Mattias Ekholm is hit by Max Domi and loses puck.
18:16 of 2nd period - Slapshot by T.J. Oshie.
18:16 of 2nd period - Stopped by John Gibson with a rebound.
18:38 of 2nd period - Off-side.
18:39 of 2nd period - Adam Henrique wins face-off versus Phillip Danault in neutral zone.
19:15 of 2nd period - Slapshot by Matthew Knies.
19:15 of 2nd period - Stopped by John Gibson with a rebound.
19:31 of 2nd period - Tage Thompson is hit by Christopher Tanev and loses puck.
Goals for this period are 0 for San Jose Sharks vs 2 for Pittsburgh Penguins.
Shots for this period are 5 for San Jose Sharks vs 8 for Pittsburgh Penguins.
3rd period
0:01 of 3rd period - Phillip Danault wins face-off versus Adam Henrique in neutral zone.
0:04 of 3rd period - Adam Henrique is hit by Blake Coleman and loses puck.
0:22 of 3rd period - Icing by Mitchell Marner.
0:23 of 3rd period - Phillip Danault wins face-off versus Ryan Johansen in Pittsburgh Penguins zone.
0:38 of 3rd period - Wrist shot by Ryan Johansen.
0:38 of 3rd period - Stopped by John Gibson with a rebound.
0:50 of 3rd period - Wrist shot by Tage Thompson.
0:50 of 3rd period - Stopped by Stuart Skinner with a rebound.
0:52 of 3rd period - Snap shot by Travis Sanheim.
0:52 of 3rd period - Stopped by Stuart Skinner without a rebound.
0:53 of 3rd period - Adam Henrique wins face-off versus Adam Gaudette in San Jose Sharks zone.
1:07 of 3rd period - Minor Penalty to Erik Gudbranson for Interference.
1:08 of 3rd period - Ryan Johansen wins face-off versus Leon Draisaitl in Pittsburgh Penguins zone.
1:17 of 3rd period - Icing by Ryan Johansen.
1:18 of 3rd period - Ryan Johansen wins face-off versus Mitchell Marner in San Jose Sharks zone.
1:27 of 3rd period - Snap shot by Jonathan Drouin.
1:27 of 3rd period - Shot Misses the Net.
2:07 of 3rd period - Wrist shot by Ryan Johansen.
2:07 of 3rd period - Shot Misses the Net.
2:19 of 3rd period - Slapshot by Ryan Johansen.
2:19 of 3rd period - Shot Misses the Net.
3:07 of 3rd period - Penalty to Erik Gudbranson is over, Erik Gudbranson is back on ice.
3:11 of 3rd period - Erik Gudbranson is hit by Ilya Mikheyev and loses puck.
3:56 of 3rd period - Wrist shot by Gabriel Vilardi.
3:56 of 3rd period - Shot Blocked by Nick Perbix.
4:18 of 3rd period - Max Domi is hit by Ryan O'Reilly and loses puck.
4:35 of 3rd period - Calle Jarnkrok is hit by Tage Thompson and loses puck.
5:09 of 3rd period - Erik Gudbranson is hit by Christopher Tanev and loses puck.
6:29 of 3rd period - Snap shot by Sam Reinhart.
6:29 of 3rd period - Deflect By Pavel Buchnevich.
6:29 of 3rd period - Stopped by Stuart Skinner with a rebound.
6:49 of 3rd period - Wrist shot by Adam Henrique.
6:49 of 3rd period - Stopped by John Gibson with a rebound.
6:51 of 3rd period - Snap shot by Calle Jarnkrok.
6:51 of 3rd period - Stopped by John Gibson with a rebound.
6:53 of 3rd period - Slapshot by Kevin Fiala.
6:53 of 3rd period - Shot Misses the Net.
6:55 of 3rd period - Slapshot by Alec Martinez.
6:55 of 3rd period - Stopped by John Gibson with a rebound.
6:57 of 3rd period - Wrist shot by Calle Jarnkrok.
6:57 of 3rd period - Shot Misses the Net.
6:59 of 3rd period - Snap shot by Kevin Fiala.
6:59 of 3rd period - Stopped by John Gibson with a rebound.
7:01 of 3rd period - Snap shot by Alec Martinez.
7:01 of 3rd period - Stopped by John Gibson with a rebound.
7:03 of 3rd period - Slapshot by Dmitry Orlov.
7:03 of 3rd period - Deflect By Sam Reinhart.
7:03 of 3rd period - Stopped by John Gibson with a rebound.
7:05 of 3rd period - Wrist shot by Calle Jarnkrok.
7:05 of 3rd period - Deflect By Kevin Fiala.
7:05 of 3rd period - Shot Misses the Net.
7:05 of 3rd period - Puck is out of play.
7:06 of 3rd period - Phillip Danault wins face-off versus Ryan Johansen in Pittsburgh Penguins zone.
7:50 of 3rd period - Wrist shot by Ilya Mikheyev.
7:50 of 3rd period - Shot Misses the Net.
8:00 of 3rd period - Snap shot by Ryan O'Reilly.
8:00 of 3rd period - Stopped by Stuart Skinner with a rebound.
8:02 of 3rd period - Snap shot by Gabriel Vilardi.
8:02 of 3rd period - Deflect By Ryan O'Reilly.
8:02 of 3rd period - Shot Misses the Net.
8:02 of 3rd period - Puck is out of play.
8:03 of 3rd period - Ryan Johansen wins face-off versus Phillip Danault in San Jose Sharks zone.
8:53 of 3rd period - Brandon Tanev is hit by Jean-Gabriel Pageau and loses puck.
9:44 of 3rd period - Wrist shot by Brandon Tanev.
9:44 of 3rd period - Shot Misses the Net.
9:54 of 3rd period - Wrist shot by Ryan O'Reilly.
9:54 of 3rd period - Stopped by Stuart Skinner with a rebound.
9:56 of 3rd period - Snap shot by Ryan O'Reilly.
9:56 of 3rd period - Shot Misses the Net.
9:58 of 3rd period - Slapshot by Erik Gudbranson.
9:58 of 3rd period - Shot Blocked by Connor Murphy.
10:00 of 3rd period - Wrist shot by Erik Gudbranson.
10:00 of 3rd period - Shot Blocked by Marcus Pettersson.
10:02 of 3rd period - Snap shot by Ryan O'Reilly.
10:02 of 3rd period - Stopped by Stuart Skinner with a rebound.
10:04 of 3rd period - Snap shot by Ryan O'Reilly.
10:04 of 3rd period - Shot Misses the Net.
10:20 of 3rd period - Wrist shot by Brandon Tanev.
10:20 of 3rd period - Deflect By Max Domi.
10:20 of 3rd period - Shot Misses the Net.
10:20 of 3rd period - Puck is out of play.
10:21 of 3rd period - Phillip Danault wins face-off versus Ryan Johansen in Pittsburgh Penguins zone.
10:28 of 3rd period - Slapshot by Erik Karlsson.
10:28 of 3rd period - Deflect By Mitchell Marner.
10:28 of 3rd period - Stopped by Stuart Skinner without a rebound.
10:29 of 3rd period - Ryan Johansen wins face-off versus Phillip Danault in San Jose Sharks zone.
10:44 of 3rd period - Snap shot by Matthew Knies.
10:44 of 3rd period - Shot Misses the Net.
10:54 of 3rd period - Slapshot by Tage Thompson.
10:54 of 3rd period - Stopped by Stuart Skinner without a rebound.
10:55 of 3rd period - Adam Gaudette wins face-off versus Noel Acciari in San Jose Sharks zone.
11:00 of 3rd period - Snap shot by Tage Thompson.
11:00 of 3rd period - Shot Misses the Net.
11:02 of 3rd period - Slapshot by Adam Gaudette.
11:02 of 3rd period - Deflect By Jordan Eberle.
11:02 of 3rd period - Stopped by Stuart Skinner with a rebound.
11:04 of 3rd period - Snap shot by Jordan Eberle.
11:04 of 3rd period - Stopped by Stuart Skinner without a rebound.
11:05 of 3rd period - Phillip Danault wins face-off versus Ryan Johansen in San Jose Sharks zone.
11:06 of 3rd period - Wrist shot by Mitchell Marner.
11:06 of 3rd period - Shot Misses the Net.
11:08 of 3rd period - Slapshot by Brian Dumoulin.
11:08 of 3rd period - Stopped by Stuart Skinner with a rebound.
11:10 of 3rd period - Wrist shot by Brian Dumoulin.
11:10 of 3rd period - Stopped by Stuart Skinner without a rebound.
11:11 of 3rd period - Ryan Johansen wins face-off versus Phillip Danault in San Jose Sharks zone.
11:32 of 3rd period - Nick Perbix is hit by Blake Coleman and loses puck.
11:39 of 3rd period - Wrist shot by Blake Coleman.
11:39 of 3rd period - Shot Blocked by Calle Jarnkrok.
12:38 of 3rd period - Wrist shot by Sam Reinhart.
12:38 of 3rd period - Deflect By Pavel Buchnevich.
12:38 of 3rd period - Shot Misses the Net.
12:38 of 3rd period - Puck is out of play.
12:39 of 3rd period - Leon Draisaitl wins face-off versus Ryan Johansen in San Jose Sharks zone.
12:42 of 3rd period - Slapshot by Leon Draisaitl.
12:42 of 3rd period - Stopped by Stuart Skinner with a rebound.
13:34 of 3rd period - Wrist shot by Jonathan Drouin.
13:34 of 3rd period - Shot Blocked by Erik Karlsson.
13:36 of 3rd period - Slapshot by Marcus Pettersson.
13:36 of 3rd period - Shot Misses the Net.
13:38 of 3rd period - Wrist shot by Matthew Knies.
13:38 of 3rd period - Shot Misses the Net.
13:40 of 3rd period - Slapshot by Marcus Pettersson.
13:40 of 3rd period - Stopped by John Gibson without a rebound.
13:41 of 3rd period - Phillip Danault wins face-off versus Adam Henrique in Pittsburgh Penguins zone.
13:46 of 3rd period - Kevin Fiala is hit by Blake Coleman and loses puck.
13:57 of 3rd period - Phillip Danault is hit by Kevin Fiala and loses puck.
14:32 of 3rd period - Slapshot by Eeli Tolvanen.
14:32 of 3rd period - Stopped by John Gibson without a rebound.
14:33 of 3rd period - Noel Acciari wins face-off versus Phillip Danault in Pittsburgh Penguins zone.
14:34 of 3rd period - Slapshot by Eeli Tolvanen.
14:34 of 3rd period - Deflect By Ilya Mikheyev.
14:34 of 3rd period - Shot Hit the Post.
14:34 of 3rd period - Puck is out of play.
14:35 of 3rd period - Phillip Danault wins face-off versus Noel Acciari in Pittsburgh Penguins zone.
14:35 of 3rd period - Phillip Danault is hit by Noel Acciari.
14:49 of 3rd period - Wrist shot by Blake Coleman.
14:49 of 3rd period - Stopped by Stuart Skinner without a rebound.
14:50 of 3rd period - Adam Gaudette wins face-off versus Ryan Johansen in San Jose Sharks zone.
14:51 of 3rd period - Snap shot by Jordan Eberle.
14:51 of 3rd period - Stopped by Stuart Skinner without a rebound.
14:52 of 3rd period - Ryan Johansen wins face-off versus Adam Gaudette in San Jose Sharks zone.
14:54 of 3rd period - Minor Penalty to Connor Murphy for Delaying the game.
14:55 of 3rd period - Ryan Johansen wins face-off versus Sam Reinhart in San Jose Sharks zone.
15:05 of 3rd period - Slapshot by Marcus Pettersson.
15:05 of 3rd period - Shot Misses the Net.
16:54 of 3rd period - Penalty to Connor Murphy is over, Connor Murphy is back on ice.
17:42 of 3rd period - Travis Sanheim is hit by Ilya Mikheyev and loses puck.
17:47 of 3rd period - Slapshot by Eeli Tolvanen.
17:47 of 3rd period - Shot Blocked by Carson Soucy.
17:49 of 3rd period - Snap shot by Noel Acciari.
17:49 of 3rd period - Shot Misses the Net.
17:51 of 3rd period - Slapshot by Connor Murphy.
17:51 of 3rd period - Deflect By Carson Soucy.
17:51 of 3rd period - Goal by Connor Murphy - San Jose Sharks : 1 - Pittsburgh Penguins : 2.
17:52 of 3rd period - Max Domi wins face-off versus Adam Gaudette in neutral zone.
18:18 of 3rd period - Erik Karlsson is hit by Marcus Pettersson and loses puck.
18:26 of 3rd period - Icing by Erik Gudbranson.
18:27 of 3rd period - Adam Henrique wins face-off versus Gabriel Vilardi in Pittsburgh Penguins zone.
18:30 of 3rd period - San Jose Sharks, Stuart Skinner is pulled from the net.
18:58 of 3rd period - Wrist shot by Pavel Buchnevich.
18:58 of 3rd period - Goal by Pavel Buchnevich - San Jose Sharks : 1 - Pittsburgh Penguins : 3.
18:58 of 3rd period - Stuart Skinner from San Jose Sharks was sent back in the game.
18:59 of 3rd period - Adam Gaudette wins face-off versus Max Domi in neutral zone.
19:30 of 3rd period - Snap shot by Noel Acciari.
19:30 of 3rd period - Stopped by John Gibson without a rebound.
19:31 of 3rd period - Gabriel Vilardi wins face-off versus Noel Acciari in Pittsburgh Penguins zone.
19:37 of 3rd period - Minor Penalty to Eeli Tolvanen for Hooking.
19:38 of 3rd period - Pavel Buchnevich wins face-off versus Ryan Johansen in San Jose Sharks zone.
19:38 of 3rd period - Backhand shot by Leon Draisaitl.
19:38 of 3rd period - Stopped by Stuart Skinner without a rebound.
19:39 of 3rd period - Leon Draisaitl wins face-off versus Ryan Johansen in San Jose Sharks zone.
19:40 of 3rd period - Snap shot by Sam Reinhart.
19:40 of 3rd period - Shot Misses the Net.
19:42 of 3rd period - Slapshot by Erik Karlsson.
19:42 of 3rd period - Goal by Erik Karlsson - San Jose Sharks : 1 - Pittsburgh Penguins : 4.
19:43 of 3rd period - Phillip Danault wins face-off versus Ryan Johansen in neutral zone.
19:54 of 3rd period - Wrist shot by Phillip Danault.
19:54 of 3rd period - Shot Misses the Net.
19:56 of 3rd period - Slapshot by Brian Dumoulin.
19:56 of 3rd period - Shot Misses the Net.
Goals for this period are 1 for San Jose Sharks vs 2 for Pittsburgh Penguins.
Shots for this period are 11 for San Jose Sharks vs 18 for Pittsburgh Penguins.
Back to the Top